 Dungeon Crawl Stone Soup version 0.22-a0-388-g09e6169 (webtiles) character file.

141 Firecrotchwizard the Poker (level 5, 0/41 HPs)
             Began as a Merfolk Skald on Apr 29, 2018.
             Slain by 0x5F3759DF's ghost (2 damage)
             ... on level 3 of the Dungeon.
             The game lasted 00:05:27 (2978 turns).

Firecrotchwizard the Poker (Merfolk Skald)          Turns: 2978, Time: 00:05:27

Health: 0/41       AC:  4    Str: 11    XL:     5   Next: 24%
Magic:  1/8        EV: 15    Int: 12    God:
Gold:   100        SH:  0    Dex: 15    Spells: 5/8 levels left

rFire    . . .     SeeInvis .   a - +0 spear
rCold    . . .     Gourm    .   (no shield)
rNeg     . . .     Faith    .   b - +0 leather armour
rPois    .         Spirit   .   n - +0 helmet
rElec    .         Reflect  .   (no cloak)
rCorr    .         Harm     .   (no gloves)
MR       .....                  (no boots)
Stlth    +.........             (no amulet)
HPRegen  0.13/turn              f - +1 ring of evasion
MPRegen  0.11/turn              c - ring of wizardry {Wiz+, !d}

@: no status effects
A: change form in water, swift swim, stealthy swim
a: no special abilities


You were on level 3 of the Dungeon.
You were not hungry.

You visited 1 branch of the dungeon, and saw 3 of its levels.

You collected 100 gold pieces.

Inventory:

Hand Weapons
 a - a +0 spear (weapon)
 r - a +1 dagger of draining
   (You found it on level 2 of the Dungeon)
Armour
 b - a +0 leather armour (worn)
 n - a +0 helmet (worn)
   (You found it on level 2 of the Dungeon)
Jewellery
 c - a ring of wizardry (right hand) {Wiz+, !d}
   (You found it on level 2 of the Dungeon)
 f - a +1 ring of evasion (left hand)
   (You found it on level 1 of the Dungeon)
 h - an uncursed amulet of regeneration {unknown}
   (You found it on level 1 of the Dungeon)
Scrolls
 g - 4 scrolls of enchant armour {unknown}
 i - a scroll of blinking {unknown}
 k - a scroll of fear {unknown}
 s - a scroll of noise {unknown}
 t - 3 scrolls of identify {unknown}
 u - a scroll of teleportation {unknown}
 w - a scroll of remove curse {unknown}
Potions
 e - a potion of cancellation {unknown}
 j - 3 potions of curing {unknown}
 l - a potion of agility {unknown}
 m - a potion of brilliance {unknown}
 o - a potion of heal wounds {unknown}
 p - a potion of invisibility {unknown}
 q - a potion of berserk rage {unknown}
Comestibles
 d - 7 rations {@e1}
 v - 11 chunks of flesh {@w0}


   Skills:
 + Level 3.4 Fighting
 * Level 5.8 Polearms
 - Level 0.6 Armour
 + Level 4.1 Dodging
 - Level 2.0 Spellcasting
 - Level 3.2 Charms


You had 5 spell levels left.
You knew the following spells:

 Your Spells              Type           Power        Failure   Level  Hunger
a - Infusion              Chrm           #...         4%          1    ##.....
s - Shroud of Golubria    Chrm/Tloc      #.........   12%         2    ###....


Dungeon Overview and Level Annotations

Branches:
Dungeon (3/15)

Altars:
Trog

Annotations:
D:3 0x5F3759DF's ghost, amateur DENe


Message History

You barely miss the goblin. The goblin hits you with a rapier.
You take 4 damage, and have 37/41 hp.
You completely miss the goblin. The goblin hits you with a rapier.
You take 2 damage, and have 35/41 hp.
You hit the goblin.
You kill the goblin!
No target in view!
No target in view!
g - 4 scrolls labeled FOOPAU JARA (gained 2)
You now have 100 gold pieces (gained 12).
Things that are here:
a rapier; a goblin corpse You butcher the goblin corpse.
v - 11 chunks of flesh {@w0} (gained 3)
Things that are here:
a rapier; a goblin skeleton
Things that are here:
a rapier; a goblin skeleton 0x5F3759DF's ghost is too close now for your liking.
You regained 4 hp, and now have 39/41 hp.
You begin infusing your attacks with magical energy.
You now have 7/8 mp.
Attack whom?
Aim: 0x5F3759DF's ghost You reach to attack!
You hit 0x5F3759DF's ghost.
You now have 6/8 mp.
Attack whom?
Aim: 0x5F3759DF's ghost (lightly damaged)
You reach to attack!
You hit 0x5F3759DF's ghost. 0x5F3759DF's ghost mumbles some strange words. 0x5F3759DF's ghost's wounds begin to heal before your eyes!
Attack whom?
Aim: 0x5F3759DF's ghost (lightly damaged, regenerating)
You reach to attack!
You hit 0x5F3759DF's ghost.
You now have 5/8 mp.
Attack whom?
Aim: 0x5F3759DF's ghost (moderately damaged, regenerating)
You hit 0x5F3759DF's ghost. 0x5F3759DF's ghost hits you.
You take 3 damage, and have 37/41 hp.
You now have 4/8 mp.
Attack whom?
Aim: 0x5F3759DF's ghost (moderately damaged, regenerating)
You barely miss 0x5F3759DF's ghost. 0x5F3759DF's ghost whispers, "Meet the emptiness of death!" 0x5F3759DF's ghost hits you but does no damage.
You completely miss 0x5F3759DF's ghost. 0x5F3759DF's ghost hits you.
You take 1 damage, and have 36/41 hp.
You closely miss 0x5F3759DF's ghost.
You closely miss 0x5F3759DF's ghost. 0x5F3759DF's ghost hits you.
You take 3 damage, and have 33/41 hp.
You hit 0x5F3759DF's ghost. 0x5F3759DF's ghost closely misses you.
You closely miss 0x5F3759DF's ghost. 0x5F3759DF's ghost closely misses you.
You hit 0x5F3759DF's ghost. 0x5F3759DF's ghost closely misses you.
You hit 0x5F3759DF's ghost. You closely miss 0x5F3759DF's ghost.
Your magical infusion is running out. 0x5F3759DF's ghost hits you.
You take 5 damage, and have 29/41 hp.
You hit 0x5F3759DF's ghost. 0x5F3759DF's ghost hits you but does no damage.
You now have 3/8 mp.
You hit 0x5F3759DF's ghost! 0x5F3759DF's ghost is infused with unholy energy. 0x5F3759DF's ghost draws life force from you and is healed!
You take 8 damage, and have 21/41 hp.
You now have 2/8 mp.
You hit 0x5F3759DF's ghost. 0x5F3759DF's ghost closely misses you.
You now have 1/8 mp.
Your leather armour prevents you from hitting 0x5F3759DF's ghost. 0x5F3759DF's ghost hits you.
You take 1 damage, and have 20/41 hp.
You closely miss 0x5F3759DF's ghost.
You hit 0x5F3759DF's ghost. 0x5F3759DF's ghost closely misses you.
You now have 0/8 mp.
You hit 0x5F3759DF's ghost.
You are no longer magically infusing your attacks. 0x5F3759DF's ghost hits you.
You take 4 damage, and have 16/41 hp.
You hit 0x5F3759DF's ghost. 0x5F3759DF's ghost is infused with unholy energy.
* * * LOW HITPOINT WARNING * * *
0x5F3759DF's ghost draws life force from you and is healed!
You take 9 damage, and have 7/41 hp.
MASSIVE DAMAGE!!
You closely miss 0x5F3759DF's ghost. 0x5F3759DF's ghost barely misses you.
Your leather armour prevents you from hitting 0x5F3759DF's ghost.
You hit 0x5F3759DF's ghost. 0x5F3759DF's ghost closely misses you.
You miss 0x5F3759DF's ghost. 0x5F3759DF's ghost hits you.
* * * LOW HITPOINT WARNING * * *
You take 2 damage, and have 5/41 hp.
You hit 0x5F3759DF's ghost. 0x5F3759DF's ghost barely misses you.
You hit 0x5F3759DF's ghost. 0x5F3759DF's ghost hits you but does no damage.
You hit 0x5F3759DF's ghost but do no damage. 0x5F3759DF's ghost hits you.
* * * LOW HITPOINT WARNING * * *
You take 3 damage, and have 2/41 hp.
You closely miss 0x5F3759DF's ghost.
You closely miss 0x5F3759DF's ghost. 0x5F3759DF's ghost is no longer regenerating. 0x5F3759DF's ghost hits you.
You die...

#...#.......... #
.#...#.###......
#..#...#.# #.#####
#......#.###.#####
#.....)..........
#..#.##..#......#
#..#.##.#...##.##
##########..#.#.###.....#
#........@W...##.#.#.##.##
#.#####.........#.###....#
#.# #.##....##.###.####.
#.# #.##....###.#.##
#.#####.##....####).#####
#.........)..............%
#.#####...)...#...........
#.# ###.......#########.
#.#######.....)## #.


You could see 0x5F3759DF's ghost.

Vanquished Creatures
  A hound (D:3)
  5 adders
  2 oozes (D:1)
  A dart slug (D:1)
  2 leopard geckos (D:3)
  3 giant cockroaches
  7 goblins
  8 hobgoblins
  5 jackals
  3 kobolds
  A quokka (D:2)
  5 bats
  4 frilled lizards
  7 rats
54 creatures vanquished.

Notes
Turn   | Place    | Note
-------+----------+-------------------------------------------
     0 | D:1      | Firecrotchwizard the Merfolk Skald began the quest for the Orb.
     0 | D:1      | Reached XP level 1. HP: 16/16 MP: 3/3
   112 | D:1      | Reached XP level 2. HP: 18/23 MP: 1/5
   115 | D:1      | Reached skill level 3 in Dodging
   371 | D:1      | Learned a level 2 spell: Shroud of Golubria
   423 | D:1      | Reached skill level 4 in Polearms
   796 | D:1      | Reached XP level 3. HP: 28/28 MP: 6/6
  1099 | D:2      | Found a faded altar of an unknown god.
  1214 | D:2      | HP: 7/28 [poisoned by an adder]
  1220 | D:2      | HP: 4/28 [poisoned by an adder]
  1228 | D:2      | HP: 3/28 [poisoned by an adder]
  1236 | D:2      | HP: 2/28 [poisoned by an adder]
  1569 | D:2      | Reached XP level 4. HP: 28/34 MP: 1/7
  1786 | D:2      | Reached skill level 3 in Fighting
  1786 | D:2      | Reached skill level 5 in Polearms
  1998 | D:2      | Noticed a moth of wrath
  2001 | D:2      | Found a bloodstained altar of Trog.
  2213 | D:3      | Noticed 0x5F3759DF's ghost (amateur DENe)
  2405 | D:3      | Reached skill level 4 in Dodging
  2405 | D:3      | Reached XP level 5. HP: 15/41 MP: 0/8
  2969 | D:3      | HP: 7/41 [0x5F3759DF's ghost/vampiric draining (10)]
  2976 | D:3      | HP: 2/41 [0x5F3759DF's ghost (3)]
  2978 | D:3      | Slain by 0x5F3759DF's ghost

Vault maps used:
D:1:      nagdon_arrival_double_spiral, solitary_fountain
D:2:      chequers_ecumenical_altar_island, first_ration, tgw_trog
D:3:      minmay_door_path

Skill      XL: |  1  2  3  4 |
---------------+-------------+-----
Dodging        | 3 4 |  4.1
Polearms       | 4 5 |  5.8
Fighting       | 3 |  3.4
Armour         | |  0.6
Spellcasting   | |  2.0
Charms         | |  3.2

Action                   |  1- 3 |  4- 6 || total
-------------------------+-------+-------++-------
Melee: Spear             |   133 |   141 ||   274
       Tailslap          |     1 |       ||     1
 Cast: Infusion          |     4 |     6 ||    10
 Stab: Sleeping          |     1 |     2 ||     3
  Eat: Chunk             |     2 |     5 ||     7
Armor: Leather armour    |    27 |    19 ||    46
Dodge: Dodged            |    67 |    79 ||   146

Table legend:
 A = Spawn XP
 B = Non-spawn XP
 C = Spawn XP percentage of total XP
 D = Spawn monster count
 E = Non-spawn monster count
 F = Spawn count percentage of total count
 G = Total turns spent on level
                    A         B        C        D         E        F      G
               +---------+---------+-------+---------+---------+-------+---------
         Total |       0 |     202 |   0.0 |       0 |      54 |   0.0 |  2978
               +---------+---------+-------+---------+---------+-------+---------
           D:1 |       0 |      41 |   0.0 |       0 |      18 |   0.0 |  1052
           D:2 |       0 |      74 |   0.0 |       0 |      17 |   0.0 |  1195
           D:3 |       0 |      87 |   0.0 |       0 |      19 |   0.0 |   731
               +---------+---------+-------+---------+---------+-------+---------

Vault maps used:
D:1:      nagdon_arrival_double_spiral, solitary_fountain
D:2:      chequers_ecumenical_altar_island, first_ration, tgw_trog
D:3:      minmay_door_path

Table legend:
 A = Turns spent in this place as a percentage of turns spent in the entire game.
 B = Non-inter-level travel turns spent in this place as a percentage of non-inter-level travel turns spent in the entire game.
 C = Inter-level travel turns spent in this place as a percentage of turns spent in this place.
 D = Turns resting spent in this place as a percentage of non-inter-level travel turns spent in this place.
 E = Turns spent auto-exploring this place as a percentage of non-inter-level travel turns spent in this place.
 F = Non-inter-level travel turns spent in this place divided by the number of levels of this place that you've seen.
                   A       B       C       D       E      F
               +-------+-------+-------+-------+-------+----------------------
         Total | 100.0 | 100.0 |   3.8 |  38.4 |  42.4 | 955.0
       Dungeon | 100.0 | 100.0 |   3.8 |  38.4 |  42.4 | 955.0
               +-------+-------+-------+-------+-------+----------------------

Table legend:
 A = Kills in this place as a percentage of kills in entire the game.
 B = Kills by you in this place as a percentage of kills by you in the entire game.
 C = Kills by friends in this place as a percentage of kills by friends in the entire game.
 D = Other kills in this place as a percentage of other kills in the entire game.
 E = Experience gained in this place as a percentage of experience gained in the entire game.
 F = Experience gained in this place divided by the number of levels of this place that you have seen.
                   A       B       C       D       E      F
               +-------+-------+-------+-------+-------+----------------------
         Total | 100.0 | 100.0 |   N/A |   N/A | 100.0 |  67.3
       Dungeon | 100.0 | 100.0 |   N/A |   N/A | 100.0 |  67.3
               +-------+-------+-------+-------+-------+----------------------
